[Event "Panevezys Elite 2018"]
[Site "Panevezys"]
[Date "2018.07.02"]
[Round "5.5"]
[White "Krivonosov, Oleg"]
[Black "Harutjunyan, Gevorg"]
[Result "0-1"]
[ECO "E91"]
[WhiteElo "2399"]
[BlackElo "2418"]
[Annotator "ChessBase"]
[PlyCount "136"]
[EventDate "2018.06.29"]
[EventType "swiss"]
[EventRounds "9"]
[EventCountry "LTU"]
[SourceTitle "playchess.com"]
[Source "ChessBase"]
[SourceQuality "1"]
[TimeControl "40/5400+30:1800+30"]

1. Nf3 Nf6 2. c4 g6 3. Nc3 Bg7 4. e4 d6 5. d4 O-O 6. Be2 Na6 7. O-O e5 8. Be3 Ng4 9. Bg5 Qe8 10. Re1 exd4 11. Nxd4 Qe5 12. Bxg4 Qxg5 13. Bxc8 Raxc8 14. Nf3 Qa5 15. Qd5 Qb4 16. Qb5 Rfe8 17. Rad1 Qxb5 18. cxb5 Nc5 19. Nd4 f5 20. f3 fxe4 21. fxe4 Re7 22. b4 Nd7 23. Nd5 Ree8 24. Re2 c5 25. bxc6 bxc6 26. Nf4 Be5 27. Nh3 c5 28. bxc5 dxc5 29. Nf3 Nb6 30. Nxe5 Rxe5 31. Nf2 c4 32. Ng4 Re6 33. e5 Kg7 34. a4 Rc5 35. Rd6 Re7 36. e6 c3 37. Rc2 Rd5 38. Rc6 Nxa4 39. Rc4 Rd2 40. Rc1 Ra2 41. Rc6 Re2 42. Rc4 R2xe6 43. Rxa4 Re1+ 44. Rxe1 Rxe1+ 45. Kf2 c2 46. Rxa7+ Kf8 47. Kxe1 c1=Q+ 48. Ke2 Qc4+ 49. Kf3 Qd5+ 50. Kg3 Qd3+ 51. Kh4 h5 52. Ra4 hxg4 53. Rf4+ Kg7 54. Kxg4 Qe2+ 55. Kg3 Qe5 56. h4 Kh6 57. Kf3 Qd5+ 58. Kf2 Qd2+ 59. Kf3 Qe1 60. Kg4 Qh1 61. g3 Qg2 62. Rf6 Qe4+ 63. Kh3 Kh5 64. Kh2 Kg4 65. Rf2 Qe5 66. Rg2 Qc7 67. Rg1 g5 68. hxg5 Qh7+ 0-1

[Event "Panevezys Elite 2018"]
[Site "Panevezys"]
[Date "2018.07.02"]
[Round "5.6"]
[White "Maryasin, Boris"]
[Black "Ratsma, Midas"]
[Result "0-1"]
[ECO "B12"]
[WhiteElo "2304"]
[BlackElo "2253"]
[Annotator "ChessBase"]
[PlyCount "68"]
[EventDate "2018.06.29"]
[EventType "swiss"]
[EventRounds "9"]
[EventCountry "LTU"]
[SourceTitle "playchess.com"]
[Source "ChessBase"]
[SourceQuality "1"]
[TimeControl "40/5400+30:1800+30"]

1. e4 c6 2. d4 d5 3. e5 c5 4. dxc5 e6 5. Qg4 h5 6. Qg3 Nd7 7. b4 a5 8. c3 Qc7 9. Nf3 axb4 10. cxb4 b6 11. Be3 bxc5 12. bxc5 Ne7 13. Bd3 Ba6 14. Bxa6 Qa5+ 15. Nbd2 Qxa6 16. Nb3 Rb8 17. Kd2 Nf5 18. Qf4 Nxc5 19. Bxc5 Bxc5 20. Nxc5 Qa5+ 21. Ke2 Rb2+ 22. Nd2 Rb4 23. Nde4 Qb5+ 24. Kd1 dxe4 25. Nb3 O-O 26. Qd2 Qb6 27. Ke1 Rd8 28. Qc3 e3 29. f3 Ra8 30. Ke2 Rba4 31. g4 Qb5+ 32. Ke1 hxg4 33. fxg4 Rxg4 34. Qc5 Qxb3 0-1

[Event "Panevezys Elite 2018"]
[Site "Panevezys"]
[Date "2018.07.02"]
[Round "5.7"]
[White "Brazdzionis, Andrius"]
[Black "Parligras, Cosmin"]
[Result "1/2-1/2"]
[ECO "E12"]
[WhiteElo "2252"]
[BlackElo "2231"]
[Annotator "ChessBase"]
[PlyCount "42"]
[EventDate "2018.06.29"]
[EventType "swiss"]
[EventRounds "9"]
[EventCountry "LTU"]
[SourceTitle "playchess.com"]
[Source "ChessBase"]
[SourceQuality "1"]
[TimeControl "40/5400+30:1800+30"]

1. d4 Nf6 2. c4 e6 3. Nf3 b6 4. a3 Bb7 5. Nc3 d5 6. cxd5 exd5 7. g3 a6 8. Bg2 Bd6 9. O-O Nbd7 10. Bf4 Qe7 11. Rc1 O-O 12. Qc2 Rfe8 13. Rfd1 Bxf4 14. gxf4 c5 15. e3 c4 16. Ne5 b5 17. Rd2 Kh8 18. Qf5 Nb6 19. Rcd1 Rad8 20. h3 Rd6 21. Kh2 g6 1/2-1/2

[Event "Panevezys Elite 2018"]
[Site "Panevezys"]
[Date "2018.07.02"]
[Round "5.8"]
[White "Vicas, Marijus"]
[Black "Badelka, Olga"]
[Result "0-1"]
[ECO "B32"]
[WhiteElo "2183"]
[BlackElo "2407"]
[Annotator "ChessBase"]
[PlyCount "66"]
[EventDate "2018.06.29"]
[EventType "swiss"]
[EventRounds "9"]
[EventCountry "LTU"]
[SourceTitle "playchess.com"]
[Source "ChessBase"]
[SourceQuality "1"]
[TimeControl "40/5400+30:1800+30"]

1. e4 c5 2. Nf3 Nc6 3. d4 cxd4 4. Nxd4 Qb6 5. Nb3 Nf6 6. Nc3 e6 7. Bd3 d6 8. Be3 Qc7 9. f4 a6 10. Qf3 b5 11. O-O-O Bb7 12. g4 Nb4 13. g5 Nxd3+ 14. Rxd3 Nd7 15. Bd4 Rc8 16. Rd2 b4 17. Nd5 exd5 18. exd5 Be7 19. Bxg7 Rg8 20. Bd4 Kd8 21. Re1 Re8 22. Qe4 Qc4 23. Qxh7 Bxd5 24. Rde2 Nf8 25. Qf5 Ne6 26. Bb6+ Kd7 27. Rd2 Bf3 28. Qxf7 Rf8 29. Qh7 Qxf4 30. Nc5+ Rxc5 31. Bxc5 Rf7 32. Qh3 Bg4 33. Qe3 Nxc5 0-1

[Event "Panevezys Elite 2018"]
[Site "Panevezys"]
[Date "2018.07.02"]
[Round "5.9"]
[White "Priyanka Nutakki"]
[Black "Berzina, Ilze"]
[Result "1/2-1/2"]
[ECO "B17"]
[WhiteElo "2180"]
[BlackElo "2173"]
[Annotator "ChessBase"]
[PlyCount "42"]
[EventDate "2018.06.29"]
[EventType "swiss"]
[EventRounds "9"]
[EventCountry "LTU"]
[SourceTitle "playchess.com"]
[Source "ChessBase"]
[SourceQuality "1"]
[TimeControl "40/5400+30:1800+30"]

1. e4 c6 2. d4 d5 3. Nd2 dxe4 4. Nxe4 Nd7 5. Ng5 Ngf6 6. Bd3 e6 7. Qe2 h6 8. Nxe6 fxe6 9. Bg6+ Ke7 10. Nf3 Nb6 11. b3 Qc7 12. Ne5 Rg8 13. O-O Bd7 14. Bf4 Qc8 15. Rfe1 Be8 16. Bf5 exf5 17. Nxc6+ Kf7 18. Ne5+ Ke6 19. Nd3+ Kf7 20. Ne5+ Ke6 21. Nd3+ Kf7 1/2-1/2

[Event "Panevezys Elite 2018"]
[Site "Panevezys"]
[Date "2018.07.02"]
[Round "5.10"]
[White "Bekasovs, Rihards"]
[Black "Van Osch, Mees"]
[Result "1/2-1/2"]
[ECO "A04"]
[WhiteElo "2052"]
[BlackElo "2324"]
[Annotator "ChessBase"]
[PlyCount "72"]
[EventDate "2018.06.29"]
[EventType "swiss"]
[EventRounds "9"]
[EventCountry "LTU"]
[SourceTitle "playchess.com"]
[Source "ChessBase"]
[SourceQuality "1"]
[TimeControl "40/5400+30:1800+30"]

1. Nf3 g6 2. g3 Bg7 3. d4 Nf6 4. Bg2 b6 5. O-O Bb7 6. c4 O-O 7. b3 d6 8. Bb2 Nbd7 9. Nc3 Ne4 10. Nxe4 Bxe4 11. Ne1 Bxg2 12. Nxg2 e6 13. Qd2 a5 14. Rfd1 Qe7 15. Rac1 a4 16. Bc3 h5 17. h4 Nf6 18. Qc2 Qd7 19. e4 Rfc8 20. e5 Ng4 21. exd6 Qxd6 22. d5 axb3 23. axb3 Bxc3 24. Qxc3 Rd8 25. Qc2 e5 26. Ra1 Qc5 27. Ne1 e4 28. Rxa8 Rxa8 29. b4 Qe7 30. Ng2 Qxb4 31. Qxe4 Ra2 32. Rf1 Qd2 33. Qe8+ Kg7 34. Nf4 Ra1 35. Ne6+ fxe6 36. Qe7+ Kg8 1/2-1/2

[Event "Panevezys Elite 2018"]
[Site "Panevezys"]
[Date "2018.07.02"]
[Round "5.11"]
[White "Kalinowska, Zuzanna"]
[Black "Prigodin, Ruslan"]
[Result "1/2-1/2"]
[ECO "D10"]
[WhiteElo "1968"]
[BlackElo "2036"]
[Annotator "NA"]
[PlyCount "32"]
[EventDate "2018.06.29"]
[EventType "swiss"]
[EventRounds "9"]
[EventCountry "LTU"]
[SourceTitle "playchess.com"]
[Source "ChessBase"]
[SourceQuality "1"]
[TimeControl "40/5400+30:1800+30"]

1. d4 d5 2. c4 c6 3. Qc2 Nf6 4. e3 a6 5. Nf3 Bg4 6. Nbd2 e6 7. Bd3 dxc4 8. Bxc4 Nbd7 9. b3 Be7 10. Bb2 Rc8 11. Rc1 O-O 12. O-O c5 13. Qb1 Bh5 14. Bd3 Bg6 15. Bxg6 hxg6 16. Rfd1 cxd4 1/2-1/2

[Event "Panevezys Elite 2018"]
[Site "Panevezys"]
[Date "2018.07.02"]
[Round "5.12"]
[White "Juksta, Karolis"]
[Black "Tsiganova, Monika"]
[Result "1-0"]
[ECO "A00"]
[WhiteElo "2187"]
[BlackElo "2131"]
[Annotator "ChessBase"]
[PlyCount "45"]
[EventDate "2018.06.29"]
[EventType "swiss"]
[EventRounds "9"]
[EventCountry "LTU"]
[SourceTitle "playchess.com"]
[Source "ChessBase"]
[SourceQuality "1"]
[TimeControl "40/5400+30:1800+30"]

1. d4 d5 2. c4 e6 3. Nc3 Nf6 4. cxd5 exd5 5. Bg5 Bb4 6. e3 h6 7. Bh4 c5 8. dxc5 Nc6 9. Bd3 g5 10. Bg3 d4 11. exd4 Qxd4 12. Nge2 Qxc5 13. O-O Be6 14. Nb5 O-O-O 15. Rc1 Rxd3 16. Qxd3 Qb6 17. Ned4 Rd8 18. Qf3 Nd5 19. Nxc6 bxc6 20. Rxc6+ Qxc6 21. Nxa7+ Kb7 22. Nxc6 Kxc6 23. a3 1-0

[Event "Panevezys Elite 2018"]
[Site "Panevezys"]
[Date "2018.07.02"]
[Round "5.13"]
[White "Stasans, Aivars"]
[Black "Sinitsina, Anastassia"]
[Result "1-0"]
[ECO "A00"]
[WhiteElo "2071"]
[BlackElo "2101"]
[Annotator "ChessBase"]
[PlyCount "55"]
[EventDate "2018.06.29"]
[EventType "swiss"]
[EventRounds "9"]
[EventCountry "LTU"]
[SourceTitle "playchess.com"]
[Source "ChessBase"]
[SourceQuality "1"]
[TimeControl "40/5400+30:1800+30"]

1. e4 c5 2. Nc3 Nc6 3. Bb5 g6 4. Bxc6 bxc6 5. f4 Bg7 6. Nf3 d5 7. e5 Nh6 8. d3 O-O 9. O-O f6 10. Qe2 Nf5 11. Bd2 Qc7 12. Na4 Nd4 13. Nxd4 cxd4 14. exf6 Bxf6 15. Nc5 Rb8 16. b4 Qd6 17. Rae1 Rf7 18. a3 Bf5 19. g4 Bd7 20. Qg2 Re8 21. Qg3 Bc8 22. f5 Qxg3+ 23. hxg3 gxf5 24. gxf5 Rg7 25. Kh2 Kf7 26. Ne6 Rg4 27. Rf4 Rxf4 28. Bxf4 {time} 1-0

[Event "Panevezys Elite 2018"]
[Site "Panevezys"]
[Date "2018.07.03"]
[Round "6.1"]
[White "Kveinys, Aloyzas"]
[Black "Stremavicius, Titas"]
[Result "1/2-1/2"]
[ECO "D35"]
[WhiteElo "2537"]
[BlackElo "2448"]
[Annotator "ChessBase"]
[PlyCount "22"]
[EventDate "2018.06.29"]
[EventType "swiss"]
[EventRounds "9"]
[EventCountry "LTU"]
[SourceTitle "playchess.com"]
[Source "ChessBase"]
[SourceQuality "1"]
[TimeControl "40/5400+30:1800+30"]

1. d4 d5 2. c4 e6 3. Nc3 Nf6 4. cxd5 exd5 5. Bg5 Nbd7 6. e3 c6 7. Bd3 Be7 8. Nf3 h6 9. Bh4 Nh5 10. Bxe7 Qxe7 11. O-O O-O 1/2-1/2

[Event "Panevezys Elite 2018"]
[Site "Panevezys"]
[Date "2018.07.03"]
[Round "6.2"]
[White "Starostits, Ilmars"]
[Black "Bjerre, Jonas Buhl"]
[Result "1/2-1/2"]
[ECO "B24"]
[WhiteElo "2449"]
[BlackElo "2436"]
[Annotator "ChessBase"]
[PlyCount "21"]
[EventDate "2018.06.29"]
[EventType "swiss"]
[EventRounds "9"]
[EventCountry "LTU"]
[SourceTitle "playchess.com"]
[Source "ChessBase"]
[SourceQuality "1"]
[TimeControl "40/5400+30:1800+30"]

1. e4 c5 2. Nc3 Nc6 3. Bb5 Nd4 4. Bc4 e6 5. Nge2 Nf6 6. O-O a6 7. e5 d5 8. exf6 dxc4 9. fxg7 Bxg7 10. d3 cxd3 11. cxd3 1/2-1/2

[Event "Panevezys Elite 2018"]
[Site "Panevezys"]
[Date "2018.07.03"]
[Round "6.3"]
[White "Harutjunyan, Gevorg"]
[Black "Laurusas, Tomas"]
[Result "1-0"]
[ECO "B43"]
[WhiteElo "2418"]
[BlackElo "2465"]
[Annotator "ChessBase"]
[PlyCount "69"]
[EventDate "2018.06.29"]
[EventType "swiss"]
[EventRounds "9"]
[EventCountry "LTU"]
[SourceTitle "playchess.com"]
[Source "ChessBase"]
[SourceQuality "1"]
[TimeControl "40/5400+30:1800+30"]

1. e4 c5 2. Nf3 e6 3. d4 cxd4 4. Nxd4 a6 5. Nc3 Qc7 6. Bd3 Nf6 7. Qe2 d6 8. f4 Nbd7 9. g4 Nc5 10. g5 Nfd7 11. Bd2 b5 12. a3 Bb7 13. O-O-O Be7 14. Kb1 Nb6 15. f5 e5 16. Nb3 Rc8 17. Rhf1 Ncd7 18. Qg2 Qb8 19. Na5 Ba8 20. Nd5 Bd8 21. f6 g6 22. Ne7 Rc7 23. Bb4 Nc5 24. Nd5 Rc8 25. Be2 h5 26. gxh6 Rxh6 27. Bg4 Nbd7 28. h4 Rxh4 29. Rh1 Rxh1 30. Qxh1 Bxd5 31. Qh8+ Nf8 32. exd5 Ne4 33. Nc6 Qb7 34. Nxd8 Rxd8 35. Rh1 1-0

[Event "Panevezys Elite 2018"]
[Site "Panevezys"]
[Date "2018.07.03"]
[Round "6.4"]
[White "Grib, Roman"]
[Black "Badelka, Olga"]
[Result "0-1"]
[ECO "B30"]
[WhiteElo "2445"]
[BlackElo "2407"]
[Annotator "ChessBase"]
[PlyCount "114"]
[EventDate "2018.06.29"]
[EventType "swiss"]
[EventRounds "9"]
[EventCountry "LTU"]
[SourceTitle "playchess.com"]
[Source "ChessBase"]
[SourceQuality "1"]
[TimeControl "40/5400+30:1800+30"]

1. e4 c5 2. Nf3 Nc6 3. Bb5 e6 4. Bxc6 bxc6 5. d3 Ne7 6. Qe2 d5 7. b3 Ng6 8. h4 h5 9. e5 Be7 10. g3 c4 11. dxc4 Ba6 12. O-O c5 13. Bg5 dxc4 14. Bxe7 Nxe7 15. Na3 Nf5 16. Rfd1 Qc8 17. Nxc4 Qc6 18. Ng5 Bb7 19. f3 Nxg3 20. Qd3 Nf5 21. Na5 c4 22. Nxc4 O-O 23. Ne4 Nxh4 24. Kf2 Nxf3 25. Qxf3 Qxe4 26. Qxe4 Bxe4 27. c3 f6 28. Rd6 fxe5+ 29. Ke3 Bd5 30. Nxe5 h4 31. Rg1 Rf5 32. Ng6 Rf3+ 33. Ke2 Rxc3 34. Rd7 Rc2+ 35. Kd3 Rg2 36. Rxg2 Bxg2 37. Nxh4 Bh3 38. Ke3 Kh7 39. Nf3 Kh6 40. Ne5 g5 41. b4 Bf5 42. b5 Kh5 43. Nc6 g4 44. Rxa7 Rg8 45. Kf2 g3+ 46. Kg1 Rc8 47. Ra4 Bh3 48. Ra3 Kh4 49. Ra7 Bf5 50. Rd7 e5 51. Rd5 Be4 52. Rc5 Bd3 53. b6 Kh3 54. Rc3 Ba6 55. a4 e4 56. Rc2 Rf8 57. Rc1 g2 0-1

[Event "Panevezys Elite 2018"]
[Site "Panevezys"]
[Date "2018.07.03"]
[Round "6.5"]
[White "Priyanka Nutakki"]
[Black "Krivonosov, Oleg"]
[Result "1/2-1/2"]
[ECO "C50"]
[WhiteElo "2180"]
[BlackElo "2399"]
[Annotator "ChessBase"]
[PlyCount "39"]
[EventDate "2018.06.29"]
[EventType "swiss"]
[EventRounds "9"]
[EventCountry "LTU"]
[SourceTitle "playchess.com"]
[Source "ChessBase"]
[SourceQuality "1"]
[TimeControl "40/5400+30:1800+30"]

1. e4 e5 2. Nf3 Nc6 3. Bc4 Bc5 4. d3 Nf6 5. O-O d6 6. a4 a6 7. c3 Ba7 8. h3 h6 9. Re1 O-O 10. Nbd2 Re8 11. Nf1 Be6 12. Bxe6 Rxe6 13. Be3 Bxe3 14. Nxe3 d5 15. Nf5 dxe4 16. dxe4 Qxd1 17. Raxd1 Rd8 18. Rxd8+ Nxd8 19. Ne3 Nxe4 20. Nd5 1/2-1/2

[Event "Panevezys Elite 2018"]
[Site "Panevezys"]
[Date "2018.07.03"]
[Round "6.6"]
[White "Ratsma, Midas"]
[Black "Vovk, Ilja"]
[Result "1-0"]
[ECO "C25"]
[WhiteElo "2253"]
[BlackElo "2273"]
[Annotator "ChessBase"]
[PlyCount "91"]
[EventDate "2018.06.29"]
[EventType "swiss"]
[EventRounds "9"]
[EventCountry "LTU"]
[SourceTitle "playchess.com"]
[Source "ChessBase"]
[SourceQuality "1"]
[TimeControl "40/5400+30:1800+30"]

1. e4 e5 2. Nc3 Nc6 3. g3 g6 4. Bg2 Bg7 5. Nge2 Nge7 6. O-O O-O 7. d3 d6 8. f4 exf4 9. Bxf4 h6 10. Qd2 Kh7 11. Be3 Ne5 12. Kh1 b6 13. Nf4 Bb7 14. Qe2 c5 15. Rad1 Bc6 16. d4 cxd4 17. Bxd4 Qd7 18. b3 Rad8 19. Ncd5 Qb7 20. c4 Nxd5 21. exd5 Bd7 22. h3 Rde8 23. Qc2 Qc8 24. Kh2 f5 25. a4 Nf7 26. Bxg7 Kxg7 27. a5 Ne5 28. axb6 axb6 29. Ra1 b5 30. Ra7 Rf7 31. Rc1 bxc4 32. bxc4 Qc5 33. Rb7 g5 34. Rxd7 gxf4 35. Rxf7+ Nxf7 36. gxf4 Qe3 37. Rf1 Rc8 38. Rf3 Qd4 39. Bf1 Kf6 40. Qe2 Qe4 41. Qf2 Re8 42. Bd3 Qe1 43. Qd4+ Kg6 44. Rg3+ Kh5 45. Rg2 Re3 46. Bxf5 1-0

[Event "Panevezys Elite 2018"]
[Site "Panevezys"]
[Date "2018.07.03"]
[Round "6.7"]
[White "Berzina, Ilze"]
[Black "Juksta, Karolis"]
[Result "1/2-1/2"]
[ECO "C08"]
[WhiteElo "2173"]
[BlackElo "2187"]
[Annotator "ChessBase"]
[PlyCount "182"]
[EventDate "2018.06.29"]
[EventType "swiss"]
[EventRounds "9"]
[EventCountry "LTU"]
[SourceTitle "playchess.com"]
[Source "ChessBase"]
[SourceQuality "1"]
[TimeControl "40/5400+30:1800+30"]

1. e4 e6 2. d4 d5 3. Nd2 c5 4. exd5 exd5 5. Ngf3 a6 6. dxc5 Bxc5 7. Nb3 Bb6 8. Bg5 Ne7 9. Be2 Nbc6 10. O-O O-O 11. Nbd4 h6 12. Bf4 Re8 13. Re1 Bg4 14. c3 Nf5 15. Nxc6 bxc6 16. h3 Bxf3 17. Bxf3 Qh4 18. Qd2 Bxf2+ 19. Qxf2 Qxf4 20. Bg4 Qxf2+ 21. Kxf2 Nd6 22. Bd7 Reb8 23. Bxc6 Rxb2+ 24. Kg1 Rc8 25. Bxd5 Rxc3 26. Re7 Rd2 27. Bf3 Ra3 28. Rd7 Kf8 29. Rb1 Raxa2 30. Rb8+ Ne8 31. Bd5 Ra1+ 32. Kh2 Rf2 33. Bf3 Ra5 34. Ra8 Rb2 35. Raa7 Rf5 36. Bd5 Rbf2 37. Bc6 Rf6 38. Bd5 g6 39. Ra8 R2f5 40. Rdd8 Re5 41. Bc4 a5 42. Bb5 Rfe6 43. Bd7 Re7 44. Bc6 f5 45. Bxe8 Rxe8 46. Rxe8+ Rxe8 47. Rxa5 Re4 48. Kg3 Kf7 49. Ra6 Kg7 50. Rb6 g5 51. Kf3 h5 52. Ra6 Kf7 53. Rb6 h4 54. Ra6 Re6 55. Ra8 Rb6 56. Ra3 Kg6 57. Rc3 Rb5 58. Rc8 Rb3+ 59. Kf2 Kf6 60. Rg8 Rb7 61. Kf3 Rg7 62. Rf8+ Kg6 63. Ra8 Rb7 64. Rg8+ Kh6 65. Rh8+ Kg7 66. Ra8 Rb6 67. Ra4 Kg6 68. Ra3 Rb4 69. Ra6+ Kh5 70. Ra5 Rb3+ 71. Kf2 Kg6 72. Ra6+ Kh5 73. Ra5 f4 74. Ra6 Rg3 75. Ra5 Kg6 76. Ra6+ Kf7 77. Ra7+ Ke6 78. Ra6+ Kd7 79. Ra7+ Kc6 80. Ra5 Kd6 81. Rb5 Ke6 82. Ra5 Kf6 83. Ra6+ Kg7 84. Ra7+ Kg6 85. Ra6+ Kh5 86. Ra5 Rd3 87. Rf5 Re3 88. Rf6 Rg3 89. Rf5 Kg6 90. Rf8 Ra3 91. Rb8 Kh5 1/2-1/2

[Event "Panevezys Elite 2018"]
[Site "Panevezys"]
[Date "2018.07.03"]
[Round "6.8"]
[White "Malinin, Yuri"]
[Black "Vicas, Marijus"]
[Result "1/2-1/2"]
[ECO "D44"]
[WhiteElo "2176"]
[BlackElo "2183"]
[Annotator "ChessBase"]
[PlyCount "148"]
[EventDate "2018.06.29"]
[EventType "swiss"]
[EventRounds "9"]
[EventCountry "LTU"]
[SourceTitle "playchess.com"]
[Source "ChessBase"]
[SourceQuality "1"]
[TimeControl "40/5400+30:1800+30"]

1. Nf3 d5 2. c4 e6 3. d4 Nf6 4. Nc3 c6 5. Bg5 dxc4 6. a4 b5 7. axb5 cxb5 8. Nxb5 Qb6 9. Nc3 Qxb2 10. Bd2 Nd5 11. Nxd5 exd5 12. Rb1 Qa3 13. e4 Bd6 14. exd5 O-O 15. Bxc4 Re8+ 16. Be3 Qc3+ 17. Nd2 Bf5 18. Rb3 Qxd4 19. Be2 Qf6 20. Nc4 Nd7 21. O-O a5 22. Bd4 Qe7 23. Bf3 Bb4 24. d6 Qe6 25. Ne3 Be4 26. Bg4 Qxd6 27. Nc4 Qc7 28. Bxd7 Qxc4 29. Rg3 Bg6 30. Bxe8 Rxe8 31. Qa1 f6 32. Rc1 Qd5 33. h3 Ra8 34. Bc3 Bd6 35. Rd1 Qc6 36. Re3 a4 37. Qa2+ Bf7 38. Qd2 Bf4 39. Ba1 Bxe3 40. Qxe3 Re8 41. Qa3 Bb3 42. Rc1 Qe4 43. Qc5 Bd5 44. f3 Qe3+ 45. Kh2 Qf4+ 46. Kh1 Qd2 47. Bd4 Bf7 48. Ra1 h6 49. Bc3 Qc2 50. Bb4 Qxc5 51. Bxc5 Rc8 52. Rc1 Bb3 53. h4 g6 54. Kh2 Kf7 55. g4 h5 56. Kg3 Bd5 57. Kf4 Rc7 58. Rc3 a3 59. Bb4 Rxc3 60. Bxc3 Ke6 61. Ba1 a2 62. Bb2 Bb3 63. Ba1 Bc2 64. gxh5 gxh5 65. Ke3 Bd1 66. Bb2 f5 67. f4 Kd5 68. Be5 Ba4 69. Bg7 Bc6 70. Bh8 Kc4 71. Kd2 Be4 72. Bg7 Bb1 73. Bh8 Kd5 74. Ke3 Be4 1/2-1/2

[Event "Panevezys Elite 2018"]
[Site "Panevezys"]
[Date "2018.07.03"]
[Round "6.9"]
[White "Kalinowska, Zuzanna"]
[Black "Stasans, Aivars"]
[Result "1-0"]
[ECO "E61"]
[WhiteElo "1968"]
[BlackElo "2071"]
[Annotator "NA"]
[PlyCount "79"]
[EventDate "2018.06.29"]
[EventType "swiss"]
[EventRounds "9"]
[EventCountry "LTU"]
[SourceTitle "playchess.com"]
[Source "ChessBase"]
[SourceQuality "1"]
[TimeControl "40/5400+30:1800+30"]

1. d4 Nf6 2. c4 g6 3. Nc3 Bg7 4. Nf3 d6 5. e4 O-O 6. h3 e5 7. d5 a5 8. Bg5 h6 9. Be3 Na6 10. g4 Nc5 11. Nd2 Ne8 12. Rg1 Kh7 13. Qf3 c6 14. Bxc5 dxc5 15. dxc6 bxc6 16. Na4 Rb8 17. O-O-O Qg5 18. Bd3 Bf6 19. Kb1 Be7 20. Nb3 Rxb3 21. axb3 Nc7 22. Qe3 Ne6 23. Qe1 Bd8 24. Bc2 Qe7 25. Rg3 Nd4 26. Rgd3 Qa7 27. f4 Bf6 28. f5 Bg5 29. Qf2 Bf4 30. Nxc5 Qxc5 31. Rxd4 Rd8 32. Rxd8 Qxf2 33. Rxc8 Be3 34. Rd7 Kg7 35. Rxc6 Bg5 36. Rcc7 Qg1+ 37. Ka2 Qb6 38. Rxf7+ Kg8 39. Rfd7 Qb8 40. Rg7+ 1-0

[Event "Panevezys Elite 2018"]
[Site "Panevezys"]
[Date "2018.07.03"]
[Round "6.10"]
[White "Prigodin, Ruslan"]
[Black "Bekasovs, Rihards"]
[Result "1/2-1/2"]
[ECO "A05"]
[WhiteElo "2036"]
[BlackElo "2052"]
[Annotator "NA"]
[PlyCount "69"]
[EventDate "2018.06.29"]
[EventType "swiss"]
[EventRounds "9"]
[EventCountry "LTU"]
[SourceTitle "playchess.com"]
[Source "ChessBase"]
[SourceQuality "1"]
[TimeControl "40/5400+30:1800+30"]

1. Nf3 Nf6 2. g3 b5 3. Bg2 Bb7 4. O-O e6 5. b3 d5 6. d3 Nbd7 7. Bb2 Be7 8. Nbd2 O-O 9. e4 dxe4 10. Ng5 Nc5 11. Ngxe4 Nfxe4 12. Nxe4 Nxe4 13. Bxe4 Bd5 14. Re1 Bf6 15. Bxf6 Qxf6 16. Bxd5 exd5 17. Qh5 c6 18. Qe5 Qxe5 19. Rxe5 Rfe8 20. Rae1 Kf8 21. f4 Rxe5 22. Rxe5 Re8 23. Kf2 Rxe5 24. fxe5 a5 25. Ke3 c5 26. d4 c4 27. bxc4 bxc4 28. Kf4 Ke7 29. g4 Ke6 30. h4 f6 31. exf6 Kxf6 32. c3 g6 33. a4 h6 34. g5+ hxg5+ 35. hxg5+ 1/2-1/2

[Event "Panevezys Elite 2018"]
[Site "Panevezys"]
[Date "2018.07.03"]
[Round "6.11"]
[White "Brazdzionis, Andrius"]
[Black "Maryasin, Boris"]
[Result "1-0"]
[ECO "E04"]
[WhiteElo "2252"]
[BlackElo "2304"]
[Annotator "ChessBase"]
[PlyCount "121"]
[EventDate "2018.06.29"]
[EventType "swiss"]
[EventRounds "9"]
[EventCountry "LTU"]
[SourceTitle "playchess.com"]
[Source "ChessBase"]
[SourceQuality "1"]
[TimeControl "40/5400+30:1800+30"]

1. d4 Nf6 2. Nf3 e6 3. c4 d5 4. g3 dxc4 5. Bg2 Nc6 6. Qa4 Bb4+ 7. Bd2 Bd6 8. O-O O-O 9. Nc3 e5 10. d5 Nd4 11. Nxd4 exd4 12. Nb5 c3 13. bxc3 dxc3 14. Bxc3 Bd7 15. Qb3 Qe7 16. Nxd6 cxd6 17. Qxb7 Rfb8 18. Bxf6 gxf6 19. Qc7 Rc8 20. Qa5 Qxe2 21. Rfe1 Qh5 22. Qa6 Rc2 23. Qb7 Rd8 24. Rac1 Qe2 25. Qxa7 Rdc8 26. Ra1 Qd2 27. Be4 Rc1 28. Raxc1 Rxc1 29. Rxc1 Qxc1+ 30. Kg2 Qc4 31. Qb8+ Kg7 32. Qb1 f5 33. Bf3 Bb5 34. h3 f4 35. gxf4 Ba6 36. Kg3 Qc3 37. Qb6 Qa3 38. Qb3 Qc1 39. Qd1 Qc3 40. Qa4 Bd3 41. Qb3 Qd4 42. a4 Ba6 43. Qb8 Qc5 44. Qd8 h6 45. f5 Bd3 46. f6+ Kg6 47. Qh8 Qd4 48. Qg7+ Kf5 49. Qxf7 Qe5+ 50. Kg2 Qxf6 51. Bg4+ Ke5 52. Qe6+ Qxe6 53. dxe6 Kf6 54. f4 h5 55. Bxh5 Kxe6 56. Kf3 d5 57. Ke3 Ba6 58. Bg4+ Kd6 59. Kd4 Bf1 60. h4 Bg2 61. h5 1-0

[Event "Panevezys Elite 2018"]
[Site "Panevezys"]
[Date "2018.07.03"]
[Round "6.12"]
[White "Parligras, Cosmin"]
[Black "Tsiganova, Monika"]
[Result "0-1"]
[ECO "A00"]
[WhiteElo "2231"]
[BlackElo "2131"]
[Annotator "ChessBase"]
[PlyCount "58"]
[EventDate "2018.06.29"]
[EventType "swiss"]
[EventRounds "9"]
[EventCountry "LTU"]
[SourceTitle "playchess.com"]
[Source "ChessBase"]
[SourceQuality "1"]
[TimeControl "40/5400+30:1800+30"]

1. Nf3 Nf6 2. g3 g6 3. Bg2 Bg7 4. O-O O-O 5. d4 d6 6. b3 c6 7. Bb2 Nbd7 8. c4 Qc7 9. Nc3 e5 10. Qc2 exd4 11. Nxd4 Re8 12. Rad1 Nc5 13. Rd2 Bd7 14. Rfd1 a5 15. e3 Rad8 16. Qb1 h5 17. h4 Bg4 18. Re1 Qe7 19. Ba1 d5 20. cxd5 cxd5 21. Nde2 Bf5 22. Qd1 Nce4 23. Nxd5 Nxd5 24. Rxd5 Nxf2 25. Kxf2 Qxe3+ 26. Kf1 Rxd5 27. Qxd5 Bxa1 28. Rxa1 Bd3 29. Bf3 Re5 0-1

[Event "Panevezys Elite 2018"]
[Site "Panevezys"]
[Date "2018.07.03"]
[Round "6.13"]
[White "Sinitsina, Anastassia"]
[Black "Van Osch, Mees"]
[Result "0-1"]
[ECO "A00"]
[WhiteElo "2101"]
[BlackElo "2324"]
[Annotator "ChessBase"]
[PlyCount "88"]
[EventDate "2018.06.29"]
[EventType "swiss"]
[EventRounds "9"]
[EventCountry "LTU"]
[SourceTitle "playchess.com"]
[Source "ChessBase"]
[SourceQuality "1"]
[TimeControl "40/5400+30:1800+30"]

1. e4 c5 2. Nf3 e6 3. d4 cxd4 4. Nxd4 Nc6 5. Nc3 Bc5 6. Nb3 Bb4 7. Bd2 Nf6 8. Qf3 O-O 9. O-O-O a5 10. Kb1 a4 11. Nc1 a3 12. b3 Qa5 13. h3 d5 14. exd5 exd5 15. g4 d4 16. Ne4 Nxe4 17. Bxb4 Qxb4 18. Qxe4 Qc3 19. Nd3 Nb4 20. Qe2 Nxd3 21. cxd3 Be6 22. Rc1 Qb4 23. Bg2 Rac8 24. f4 Qd6 25. f5 Bd5 26. Rhe1 Rxc1+ 27. Rxc1 Bxg2 28. Qxg2 h6 29. Qxb7 Qh2 30. Rc2 Qg1+ 31. Rc1 Qh2 32. Rc2 Qg1+ 33. Rc1 Qf2 34. Rc2 Qf1+ 35. Rc1 Qf2 36. Rc2 Qf1+ 37. Rc1 Qe2 38. Rc2 Qe1+ 39. Rc1 Qd2 40. Rc2 Qd1+ 41. Rc1 Qxd3+ 42. Rc2 Re8 43. Qh1 Re2 44. Qc1 Qe4 0-1